[Event "Titled Tuesday Blitz March 22 Late 2022"]
[White "Ladan, Nicholas"]
[Black "Rolfe, Warrick"]
[WhiteFideId "30918855"]
[BlackFideId "2603802"]
[WhiteElo "2167"]
[BlackElo "2564"]
[Result "1-0"]
[Round "11"]
[TimeControl "180+1"]
[Date "2022.03.22"]
[WhiteClock "0:00:32"]
[BlackClock "0:00:41"]

1. d4 Nf6 2. Bf4 g6 3. Nf3 Bg7 4. Nc3 d5 5. Ne5 O-O 6. Qd2 Ne4 7. Nxe4 dxe4 8. e3 Nd7 9. O-O-O Nxe5 10. Bxe5 Bg4 11. Be2 Bxe2 12. Qxe2 c6 13. Qc4 Qd5 14. Qxd5 cxd5 15. Bxg7 Kxg7 16. Kd2 Rfc8 17. a4 Rc6 18. Ra1 Rac8 19. Rhc1 Rf6 20. Ke2 Rc4 21. c3 Rb6 22. Rc2 Rb3 23. Kd2 h5 24. h4 Kf6 25. Kc1 Kf5 26. Rd2 Kg4 27. Kc2 Rb6 28. f3+ exf3 29. gxf3+ Kxf3 30. Rf1+ Kxe3 31. Rdd1 Rxb2+ 32. Kxb2 Rxa4 33. Rxf7 b5 34. Rxe7+ Kf4 35. Rf7+ Ke4 36. Re1+ Kd3 37. Rf3+ Kc4 38. Re7 b4 39. Rc7+ Kb5 40. Rb7+ Kc6 41. Rxb4 Ra5 42. Rf6+ Kc7 43. Rxg6 Ra6 44. Rxa6 1-0


[Site "https://www.chess.com"]

[Event "Titled Tuesday Blitz March 22 Late 2022"]
[White "Lin, Dachey"]
[Black "Iskusnyh, Sergei"]
[WhiteFideId "2029650"]
[BlackFideId "4120027"]
[WhiteElo "2313"]
[BlackElo "2492"]
[Result "1-0"]
[Round "11"]
[TimeControl "180+1"]
[Date "2022.03.22"]
[WhiteClock "0:00:19"]
[BlackClock "0:00:04"]

1. g4 d5 2. Bg2 c6 3. g5 e5 4. d4 e4 5. f3 f5 6. h4 Bd6 7. Nh3 h6 8. f4 h5 9. O-O Ne7 10. b3 Ng6 11. Qe1 Qe7 12. e3 b6 13. c4 a5 14. cxd5 cxd5 15. Nc3 Qe6 16. Nb5 Ba6 17. Nxd6+ Qxd6 18. Rf2 Nxh4 19. Rc2 Nf3+ 20. Bxf3 exf3 21. a4 Nc6 22. Ba3 Nb4 23. Bxb4 axb4 24. Rac1 O-O 25. Rc6 Qe7 26. Rc7 Qe4 27. Nf2 Qe8 28. Nd1 Be2 29. Kf2 h4 30. Qxb4 Rf7 31. Rxf7 Qxf7 32. Nc3 h3 33. Qd6 Qh5 34. Nxe2 fxe2 35. Qxd5+ Kh7 36. Qxa8 h2 37. Qf3 Qh4+ 38. Kxe2 Kg6 39. d5 Qh8 40. d6 Qg8 41. d7 Qxb3 42. d8=Q Qb2+ 43. Qd2 Qb3 44. Rc6+ Kf7 45. g6+ Kg8 46. Qd8# 1-0


[Site "https://www.chess.com"]

[Event "Titled Tuesday Blitz March 22 Late 2022"]
[White "Maghsoodloo, Parham"]
[Black "Aravindh, Chithambaram VR."]
[WhiteFideId "12539929"]
[BlackFideId "5072786"]
[WhiteElo "2630"]
[BlackElo "2561"]
[Result "1-0"]
[Round "11"]
[TimeControl "180+1"]
[Date "2022.03.22"]
[WhiteClock "0:00:09"]
[BlackClock "0:00:01"]

1. d4 g6 2. c4 Bg7 3. Nc3 c5 4. d5 d6 5. e4 a6 6. a4 Nf6 7. Be2 O-O 8. Nf3 e6 9. Bg5 exd5 10. cxd5 Re8 11. Nd2 Nbd7 12. O-O Qc7 13. f4 Rb8 14. Kh1 b6 15. Qc2 Nf8 16. Rae1 Ng4 17. Nc4 b5 18. axb5 axb5 19. Bxg4 Bxg4 20. Ne3 Bc8 21. e5 dxe5 22. f5 f6 23. Bh4 Rb6 24. Ne4 gxf5 25. Nxf5 Bxf5 26. Rxf5 Qd7 27. Ref1 Qxd5 28. Bxf6 Ng6 29. Bxg7 Kxg7 30. Ng5 Rb7 31. h4 c4 32. h5 Qd3 33. Qxd3 cxd3 34. hxg6 e4 35. Rf7+ Rxf7 36. gxf7 Ra8 37. Nxe4 Rf8 38. Nc5 1-0


[Site "https://www.chess.com"]

[Event "Titled Tuesday Blitz March 22 Late 2022"]
[White "Marcziter, Dmitrii"]
[Black "Buchenau, Frank"]
[WhiteFideId "13900765"]
[BlackFideId "4604350"]
[WhiteElo "2155"]
[BlackElo "2193"]
[Result "0-1"]
[Round "11"]
[TimeControl "180+1"]
[Date "2022.03.22"]
[WhiteClock "0:00:15"]
[BlackClock "0:00:52"]

1. d4 e6 2. c4 Nf6 3. Nf3 b6 4. a3 Ba6 5. Qc2 Bb7 6. Nc3 c5 7. e4 cxd4 8. Nxd4 Bc5 9. Nb3 Nc6 10. Be2 Nd4 11. Nxd4 Bxd4 12. Bd3 Ng4 13. Ne2 Bxf2+ 14. Kf1 Ne3+ 15. Bxe3 Bxe3 16. Ng3 Qf6+ 17. Ke2 Qf2+ 18. Kd1 Qxc2+ 19. Kxc2 Rc8 20. b3 O-O 21. Rae1 Bf4 22. Kb2 Be5+ 23. Ka2 Rfd8 24. Rhf1 Bxg3 25. hxg3 Rc5 26. b4 Rg5 27. Re3 h5 28. Kb3 g6 29. Ref3 f5 30. Re3 fxe4 31. Bc2 d5 32. cxd5 exd5 33. Rd1 d4 34. Rxe4 Rxg3+ 0-1


[Site "https://www.chess.com"]

[Event "Titled Tuesday Blitz March 22 Late 2022"]
[White "Martin Carmona, Gaston Manuel"]
[Black "Prohorov, Olexandr"]
[WhiteFideId "22284567"]
[BlackFideId "14105578"]
[WhiteElo "2161"]
[BlackElo "1993"]
[Result "1/2-1/2"]
[Round "11"]
[TimeControl "180+1"]
[Date "2022.03.22"]
[WhiteClock "0:00:11"]
[BlackClock "0:00:06"]

1. Nf3 Nf6 2. c4 g6 3. g3 Bg7 4. Bg2 O-O 5. Nc3 c5 6. O-O Nc6 7. d4 cxd4 8. Nxd4 d6 9. Nxc6 bxc6 10. Bxc6 Rb8 11. Bg2 Qa5 12. Qc2 Be6 13. Bd2 Qh5 14. b3 Rfc8 15. Qd3 Ng4 16. h3 Ne5 17. g4 Nxd3 18. gxh5 Bxc3 19. Bxc3 Nf4 20. hxg6 hxg6 21. Rfe1 Nxg2 22. Kxg2 Rc5 23. h4 a5 24. Bd4 Rh5 25. Kg3 a4 26. Rab1 f6 27. f3 Kf7 28. Rec1 Rbh8 29. Rh1 g5 30. Kf2 gxh4 31. Rbc1 h3 32. b4 Rh4 33. Ke3 Rc8 34. c5 dxc5 35. Rxc5 Rxc5 36. bxc5 Bd5 37. Kd3 e5 38. Bf2 Rh5 39. e4 Bc6 40. Kc4 Ke6 41. Kb4 f5 42. Bg3 fxe4 43. fxe4 Bxe4 44. Re1 Bd5 45. Bh2 e4 46. a3 Rg5 47. Re2 Rg2 48. Rxg2 hxg2 49. Bg1 Ke5 50. Kxa4 Kf4 51. Kb4 Kf3 52. Kc3 Ke2 53. Kd4 Kf1 54. Be3 g1=Q 55. Bxg1 Kxg1 56. Kxd5 e3 57. c6 e2 58. c7 e1=Q 59. c8=Q Qd2+ 60. Ke5 Qe3+ 61. Kf6 Qxa3 62. Qg4+ Kf1 63. Qf4+ Ke2 64. Qe5+ Qe3 65. Qb2+ Qd2 66. Qe5+ Qe3 67. Qb5+ Qd3 68. Qxd3+ Kxd3 1/2-1/2


[Site "https://www.chess.com"]

[Event "Titled Tuesday Blitz March 22 Late 2022"]
[White "Martinez Reyes, Pedro Ramon"]
[Black "Sanchez Alvares, Kelvin Antonio"]
[WhiteFideId "3901807"]
[BlackFideId "3906680"]
[WhiteElo "2410"]
[BlackElo "2193"]
[Result "0-1"]
[Round "11"]
[TimeControl "180+1"]
[Date "2022.03.22"]
[WhiteClock "0:00:03"]
[BlackClock "0:00:32"]

1. g4 e6 2. Bg2 d6 3. c4 Nd7 4. Nc3 Ne7 5. h4 Nc6 6. d4 Nb6 7. b3 d5 8. c5 Nd7 9. g5 a5 10. a3 b6 11. e4 dxe4 12. Bxe4 Bb7 13. cxb6 cxb6 14. Be3 Qb8 15. Qf3 Nd8 16. Nge2 Bxe4 17. Qxe4 Qb7 18. d5 Nc5 19. Bxc5 Bxc5 20. dxe6 fxe6 21. Rh3 Qxe4 22. Nxe4 Rc8 23. Rc1 O-O 24. f4 Nb7 25. Rhc3 Rcd8 26. Rd1 Rxd1+ 27. Kxd1 Bxa3 28. Rc7 Nc5 29. Nxc5 Bxc5 30. Kc2 e5 31. fxe5 Re8 32. Nf4 Rxe5 33. Nh5 Re7 34. Rc6 Kf7 35. Nf4 Re4 36. Rc7+ Kf8 37. Nh5 Re7 38. Rc8+ Kf7 39. Rc6 Re4 40. Rc7+ Kg6 41. Nxg7 Rxh4 42. Ne6 Be3 43. Rc6 Kf5 44. Kd3 Bg1 45. Nf8 Kxg5 46. Rc7 Bc5 47. Nxh7+ Kg6 48. b4 axb4 0-1


[Site "https://www.chess.com"]

[Event "Titled Tuesday Blitz March 22 Late 2022"]
[White "Matlakov, Maxim"]
[Black "Martinez Alcantara, Jose Eduardo"]
[WhiteFideId "4168003"]
[BlackFideId "3805662"]
[WhiteElo "2669"]
[BlackElo "2690"]
[Result "1-0"]
[Round "11"]
[TimeControl "180+1"]
[Date "2022.03.22"]
[WhiteClock "0:00:08"]
[BlackClock "0:00:05"]

1. Nf3 c5 2. c4 Nc6 3. Nc3 g6 4. e3 Bg7 5. d4 d6 6. Be2 e6 7. b3 Nge7 8. Bb2 cxd4 9. exd4 d5 10. c5 b6 11. a3 bxc5 12. dxc5 a5 13. Qd2 Rb8 14. Nb5 O-O 15. Bxg7 Kxg7 16. O-O e5 17. Rfd1 f6 18. Rab1 Bf5 19. Rb2 d4 20. Nd6 Nd5 21. Rc1 Nc3 22. Rxc3 dxc3 23. Qxc3 Qc7 24. b4 axb4 25. axb4 Qa7 26. b5 Qa1+ 27. Bf1 Bg4 28. Rc2 Qxc3 29. Rxc3 Ne7 30. Bc4 Rfd8 31. Nd2 Nc8 32. N2e4 f5 33. Ng5 Nxd6 34. Ne6+ Kf6 35. Nxd8 Nxc4 36. Rxc4 Be2 37. Nc6 Rxb5 38. Rc1 Bc4 39. f4 Bd5 40. Nxe5 Ke6 41. c6 Rb8 42. Kf2 Kd6 43. Kg3 Rb3+ 44. Kh4 Kc7 45. g3 Rb2 46. h3 Rg2 47. Rc3 Be6 48. Kg5 Rd2 49. Kf6 Bd5 50. Ke7 Re2 51. h4 Re1 52. Kf6 Re2 53. Kg7 Be6 54. Kxh7 Rg2 55. Kxg6 Bd5 56. Kf6 Ra2 57. Kxf5 Ra8 58. h5 Rf8+ 59. Kg5 Rg8+ 60. Ng6 Bxc6 61. f5 Kd6 62. Rxc6+ Kxc6 63. h6 Kd6 64. h7 1-0


[Site "https://www.chess.com"]

[Event "Titled Tuesday Blitz March 22 Late 2022"]
[White "Mekhitarian, Krikor Sevag"]
[Black "Reprintsev, Alexander"]
[WhiteFideId "2107660"]
[BlackFideId "14100541"]
[WhiteElo "2598"]
[BlackElo "2108"]
[Result "0-1"]
[Round "11"]
[TimeControl "180+1"]
[Date "2022.03.22"]
[WhiteClock "0:00:02"]
[BlackClock "0:00:06"]

1. Nf3 d5 2. c4 dxc4 3. e3 Nc6 4. Bxc4 e5 5. O-O e4 6. Ne1 Bd6 7. Nc3 Nf6 8. f3 exf3 9. Nxf3 O-O 10. d4 Bg4 11. Bd3 Bh5 12. Bd2 Qe7 13. a3 Rad8 14. Qc2 Bg6 15. Rae1 Bxd3 16. Qxd3 Rfe8 17. Kh1 Ne4 18. Bc1 a6 19. Nxe4 Qxe4 20. Qc4 b5 21. Qa2 h6 22. Qb3 Na5 23. Qd1 Nc4 24. b3 Nxa3 25. Bxa3 Bxa3 26. Qa1 Bb4 27. Rc1 Qxe3 28. Rxc7 a5 29. Ne5 f6 30. Nf3 Qe2 31. Qb1 Re7 32. Rc2 Qd3 33. h3 Qg6 34. Rd1 Rde8 35. d5 Qg3 36. Rg1 Bd6 37. Rd2 Re3 38. Qf1 Rxb3 39. Rd3 Rxd3 40. Qxd3 b4 41. Rf1 a4 42. Qb5 Re3 0-1


[Site "https://www.chess.com"]

[Event "Titled Tuesday Blitz March 22 Late 2022"]
[White "Mikhailov, Viacheslav"]
[Black "Sarana, Alexey"]
[WhiteFideId "4187369"]
[BlackFideId "24133795"]
[WhiteElo "2381"]
[BlackElo "2666"]
[Result "0-1"]
[Round "11"]
[TimeControl "180+1"]
[Date "2022.03.22"]
[WhiteClock "0:00:04"]
[BlackClock "0:00:25"]

1. Nf3 d5 2. g3 g6 3. Bg2 Bg7 4. d4 c6 5. O-O Nf6 6. c4 dxc4 7. Na3 b5 8. Ne5 Nd5 9. b3 c3 10. e4 Nc7 11. Bf4 Ne6 12. d5 Nxf4 13. gxf4 b4 14. Nac4 Bb7 15. d6 O-O 16. a3 c5 17. axb4 cxb4 18. Na5 Ba6 19. Nac6 Qxd6 20. Re1 Nxc6 21. Qxd6 exd6 22. Nxc6 Bb7 23. Nxb4 Rfc8 24. Rec1 a5 25. Nd5 Bxd5 26. exd5 Rab8 27. Rxa5 Rxb3 28. Ra6 c2 29. Be4 Rb1 30. Rxb1 cxb1=Q+ 31. Bxb1 Rc1+ 32. Kg2 Rxb1 33. Rxd6 Bf8 34. Rd7 Kg7 35. f5 gxf5 36. Kf3 Rb6 37. h3 Rd6 38. Rb7 Rxd5 39. Kg2 Kg6 40. Rb6+ Rd6 41. Rb8 Bg7 42. Rb5 Re6 43. Ra5 h5 44. Rb5 h4 45. Rb4 Bf6 46. Rb8 Ra6 47. Rg8+ Kh7 48. Rc8 Kg7 49. Rc5 Kg6 50. Rc8 Ra2 51. Rg8+ Kh6 52. Rc8 Bd4 53. Rc6+ Kg5 54. Rd6 Rxf2+ 55. Kh1 Rf4 56. Rd7 Re4 57. Rxf7 Kf4 58. Rf8 Re1+ 59. Kg2 Re2+ 60. Kh1 Re3 61. Kg2 Rg3+ 62. Kh2 Bg1+ 63. Kh1 Bc5 64. Kh2 Bxf8 0-1


[Site "https://www.chess.com"]

[Event "Titled Tuesday Blitz March 22 Late 2022"]
[White "Ozates, Tuna"]
[Black "Szpar, Milosz"]
[WhiteFideId "6354521"]
[BlackFideId "1184989"]
[WhiteElo "1887"]
[BlackElo "2447"]
[Result "1-0"]
[Round "11"]
[TimeControl "180+1"]
[Date "2022.03.22"]
[WhiteClock "0:00:48"]
[BlackClock "0:02:15"]

1. d4 Nf6 2. c4 c5 3. d5 e6 4. Nc3 exd5 5. cxd5 d6 6. e4 g6 7. Nf3 Bg7 8. Bd3 O-O 9. O-O b5 10. Nxb5 Re8 11. Re1 Na6 12. Bf4 Bf8 13. h3 Nb4 14. Bb1 Ba6 15. Nc3 Nh5 16. Bh2 Bb7 17. a3 Na6 18. e5 dxe5 19. Nxe5 Qg5 20. Qg4 Qd2 21. Ba2 Bd6 22. Qd7 Qxb2 23. Qxf7+ Kh8 24. Nxg6+ hxg6 25. Bxd6 Qxc3 26. Rxe8+ Rxe8 27. Qxe8+ Kh7 28. Qe7+ Ng7 29. Be5 1-0


[Site "https://www.chess.com"]

[Event "Titled Tuesday Blitz March 22 Late 2022"]
[White "Papp, Levente"]
[Black "Le Goff, Ronan"]
[WhiteFideId "751243"]
[BlackFideId "612073"]
[WhiteElo "2308"]
[BlackElo "2276"]
[Result "1-0"]
[Round "11"]
[TimeControl "180+1"]
[Date "2022.03.22"]
[WhiteClock "0:00:12"]
[BlackClock "0:00:04"]

1. c4 Nf6 2. Nc3 e6 3. e4 d5 4. cxd5 exd5 5. e5 Ne4 6. Nf3 Nc6 7. Bb5 Bg4 8. Qa4 Nxc3 9. Bxc6+ bxc6 10. Qxg4 h5 11. Qf5 Ne4 12. e6 fxe6 13. Qg6+ Kd7 14. d3 Qf6 15. Qxf6 Nxf6 16. Ne5+ Kc8 17. Nxc6 Bd6 18. O-O Kd7 19. Nd4 c5 20. Nf3 Rab8 21. b3 Ng4 22. Bb2 d4 23. Rfe1 Rbf8 24. Re2 Rf6 25. b4 Rc8 26. h3 Nh6 27. bxc5 Bxc5 28. Nxd4 Bxd4 29. Bxd4 Rg6 30. Bxa7 Nf5 31. g3 Rc3 32. Rd1 Ra3 33. Bc5 Ra5 34. d4 Ne7 35. Bxe7 Kxe7 36. Rb1 Rd5 37. Rb7+ Kd6 38. Re4 Rf6 39. Rb6+ Kd7 40. Rb7+ Kd6 41. Rxg7 Rf3 42. Rg6 Ra3 43. Rgxe6+ Kd7 44. Re7+ Kd8 45. R7e5 Rd7 46. Rxh5 Rxa2 47. Rf5 Kc7 48. h4 Kc6 49. h5 Rd2 50. h6 Rh7 51. Re6+ Kd7 52. Ra6 Kd8 53. Ra8+ Kc7 54. Ra7+ Kd6 55. Rxh7 Rd3 56. Rhf7 Ke6 57. h7 Rxd4 58. h8=Q Rd1+ 59. Kg2 Rd5 60. Qf6# 1-0


[Site "https://www.chess.com"]

[Event "Titled Tuesday Blitz March 22 Late 2022"]
[White "Paravyan, David"]
[Black "Boyer, Mahel"]
[WhiteFideId "4194985"]
[BlackFideId "45102422"]
[WhiteElo "2569"]
[BlackElo "2328"]
[Result "1-0"]
[Round "11"]
[TimeControl "180+1"]
[Date "2022.03.22"]
[WhiteClock "0:02:00"]
[BlackClock "0:00:16"]

1. e4 Nc6 2. Nf3 d5 3. exd5 Qxd5 4. Nc3 Qh5 5. Nb5 Kd8 6. d4 Bg4 7. d5 Ne5 8. Bf4 Bxf3 9. Qd4 f6 10. Bxe5 fxe5 11. Qc5 c6 12. dxc6 Bxc6 13. Rd1+ Kc8 14. Nxa7+ Rxa7 15. Qxa7 Qe8 16. Qa8+ Kc7 17. Qa5+ Kc8 18. Bc4 Bd7 19. Be6 Bxe6 20. Qa8+ 1-0


[Site "https://www.chess.com"]

[Event "Titled Tuesday Blitz March 22 Late 2022"]
[White "Perez Torres, Nabi Isaias"]
[Black "Rudykh, Stepan"]
[WhiteFideId "5120373"]
[BlackFideId "4180321"]
[WhiteElo "1755"]
[BlackElo "2170"]
[Result "1-0"]
[Round "11"]
[TimeControl "180+1"]
[Date "2022.03.22"]
[WhiteClock "0:00:36"]
[BlackClock "0:00:02"]

1. d4 e6 2. c4 f5 3. Nc3 Nf6 4. Qc2 Bb4 5. e3 O-O 6. Bd3 b6 7. Ne2 Bb7 8. f3 d6 9. Bd2 Qe8 10. O-O-O a5 11. h3 Na6 12. Rdf1 Bxc3 13. bxc3 c5 14. g4 g6 15. Rhg1 Kh8 16. h4 Rc8 17. h5 cxd4 18. exd4 d5 19. hxg6 hxg6 20. gxf5 exf5 21. Nf4 Rg8 22. Re1 Qd7 23. Re2 dxc4 24. Rh2+ Nh7 25. Be2 Qc6 26. Rgh1 Rc7 27. d5 Qd6 28. Be3 b5 29. Bd4+ 1-0


[Site "https://www.chess.com"]

[Event "Titled Tuesday Blitz March 22 Late 2022"]
[White "Pesotskiy, Mikhail"]
[Black "Wieczorek, Oskar"]
[WhiteFideId "34164453"]
[BlackFideId "1133950"]
[WhiteElo "2010"]
[BlackElo "2319"]
[Result "1-0"]
[Round "11"]
[TimeControl "180+1"]
[Date "2022.03.22"]
[WhiteClock "0:00:12"]
[BlackClock "0:00:06"]

1. d4 d5 2. c4 e6 3. Nc3 Nf6 4. cxd5 exd5 5. Bf4 c6 6. e3 Qb6 7. Qc2 Na6 8. Nf3 Nb4 9. Qd1 Bf5 10. Rc1 Qa5 11. Qd2 Nxa2 12. Ra1 Nxc3 13. Rxa5 Nce4 14. Qc1 Bb4+ 15. Ke2 Bxa5 16. Ne5 g5 17. Bg3 Nh5 18. Nxc6 Rc8 19. Qa1 Bb6 20. Nb4 Rc4 21. Nxd5 Nhxg3+ 22. hxg3 Rc2+ 23. Ke1 Bd8 24. Bd3 1-0


[Site "https://www.chess.com"]

[Event "Titled Tuesday Blitz March 22 Late 2022"]
[White "Petrova, Irina"]
[Black "Van den Dikkenberg, Erik"]
[WhiteFideId "14124122"]
[BlackFideId "1005880"]
[WhiteElo "1993"]
[BlackElo "2118"]
[Result "1-0"]
[Round "11"]
[TimeControl "180+1"]
[Date "2022.03.22"]
[WhiteClock "0:00:29"]
[BlackClock "0:00:35"]

1. e4 c5 2. Nf3 d6 3. Bb5+ Nd7 4. O-O g6 5. d4 cxd4 6. Qxd4 Nf6 7. e5 dxe5 8. Nxe5 Qb6 9. Qc4 e6 10. Nc3 Qc5 11. Qf4 Bg7 12. Be3 Qe7 13. Rad1 O-O 14. Nxd7 Bxd7 15. Bxd7 Nxd7 16. Qc7 Rfd8 17. Qxb7 Rab8 18. Qxa7 Rxb2 19. Ne4 Rxc2 20. Bc5 Qh4 21. Rxd7 Rxd7 22. Qxd7 Be5 23. Qe8+ Kg7 24. Bf8+ Kg8 25. Bh6# 1-0


[Site "https://www.chess.com"]

[Event "Titled Tuesday Blitz March 22 Late 2022"]
[White "Piesik, Piotr"]
[Black "Manukian, Artak"]
[WhiteFideId "1136194"]
[BlackFideId "13301373"]
[WhiteElo "2190"]
[BlackElo "2421"]
[Result "0-1"]
[Round "11"]
[TimeControl "180+1"]
[Date "2022.03.22"]
[WhiteClock "0:00:04"]
[BlackClock "0:00:09"]

1. Nf3 d5 2. g3 Nf6 3. Bg2 Bf5 4. O-O Nc6 5. d3 Qd7 6. Nbd2 Bh3 7. e4 Bxg2 8. Kxg2 O-O-O 9. Qe2 h5 10. e5 Ne8 11. Ng5 e6 12. f4 Nd4 13. Qd1 h4 14. Ndf3 Nxf3 15. Nxf3 hxg3 16. hxg3 g6 17. Be3 Ng7 18. Qe2 Nf5 19. Rh1 Be7 20. Bf2 Kb8 21. g4 Ng7 22. Rxh8 Rxh8 23. Rh1 Rxh1 24. Kxh1 Qe8 25. Kg2 Qh8 26. c4 c6 27. cxd5 exd5 28. Qe3 c5 29. Qc1 Ne6 30. Bg3 b6 31. f5 gxf5 32. gxf5 Nc7 33. Qf4 Bd8 34. Ng5 Qh5 35. Nf3 Kb7 36. e6 fxe6 37. f6 e5 38. Nxe5 Qe2+ 39. Bf2 Ne6 40. Qf5 Nd4 41. Qd7+ Ka6 42. Qxd5 Bxf6 43. Nd7 Bh4 44. Qc4+ Kb7 45. Nxc5+ bxc5 46. Qf7+ Kb6 47. Qg6+ Kb5 48. a4+ Kxa4 49. Qa6+ Kb3 50. Qb7+ Kc2 51. Qf7 Qxf2+ 0-1


[Site "https://www.chess.com"]

[Event "Titled Tuesday Blitz March 22 Late 2022"]
[White "Pinheiro, Iung Alicio de O."]
[Black "Gatterer, Florian"]
[WhiteFideId "2104350"]
[BlackFideId "811688"]
[WhiteElo "2519"]
[BlackElo "2218"]
[Result "1-0"]
[Round "11"]
[TimeControl "180+1"]
[Date "2022.03.22"]
[WhiteClock "0:01:16"]
[BlackClock "0:00:20"]

1. c4 c5 2. g3 g6 3. Bg2 Bg7 4. Nc3 Nc6 5. a3 h5 6. h3 d6 7. Rb1 a5 8. Nf3 Bf5 9. d3 Nf6 10. Bg5 Nh7 11. Bd2 Qd7 12. Nd5 Rd8 13. b4 axb4 14. axb4 e6 15. Nb6 Qc7 16. bxc5 dxc5 17. e4 Rxd3 18. exf5 gxf5 19. Qe2 Rd7 20. Bf4 e5 21. Be3 Nd4 22. Bxd4 Rxd4 23. Nxd4 cxd4 24. Nd5 Qd7 25. Rxb7 Qa4 26. Rb8+ Kd7 27. Nb6+ Ke6 28. Nxa4 Rxb8 29. Bd5+ Kf6 30. O-O Ng5 31. h4 Ne6 32. Bxe6 fxe6 33. Nc5 Bf8 34. Nd7+ Ke7 35. Nxb8 1-0


[Site "https://www.chess.com"]

[Event "Titled Tuesday Blitz March 22 Late 2022"]
[White "Przybylski, Wojciech"]
[Black "Brahami, Lamine"]
[WhiteFideId "1117599"]
[BlackFideId "7905637"]
[WhiteElo "2133"]
[BlackElo "1909"]
[Result "1-0"]
[Round "11"]
[TimeControl "180+1"]
[Date "2022.03.22"]
[WhiteClock "0:00:04"]
[BlackClock "0:00:17"]

1. e4 c5 2. Nf3 d6 3. d4 cxd4 4. Nxd4 Nf6 5. Nc3 a6 6. Be3 e5 7. Nb3 Be6 8. f3 b5 9. Qd2 Nbd7 10. O-O-O Nb6 11. Kb1 Nc4 12. Bxc4 bxc4 13. Nc1 Qc7 14. g4 Be7 15. g5 Nd7 16. Nd5 Bxd5 17. Qxd5 O-O 18. f4 Rab8 19. f5 Rb5 20. f6 gxf6 21. gxf6 Nxf6 22. Rhg1+ Kh8 23. Bh6 Rg8 24. Qxf7 Rxg1 25. Rxg1 Rxb2+ 26. Kxb2 Qb6+ 27. Nb3 Qxg1 28. Qxc4 Qg6 29. Qc8+ Qe8 30. Qxa6 Nxe4 31. a4 d5 32. a5 d4 33. Qb7 Nc3 34. a6 Ba3+ 35. Ka1 Bf8 36. Kb2 Qa4 37. Bg7+ Kg8 38. Kc1 Bxg7 39. Qb8+ Kf7 40. Qb7+ Kg6 41. Qg2+ Kf7 42. Qb7+ Ke6 43. Nc5+ Kf5 44. Nxa4 Bh6+ 45. Kb2 Nxa4+ 46. Ka3 Nc3 47. Qxh7+ Kg5 48. a7 Bf8+ 49. Kb3 1-0


[Site "https://www.chess.com"]

[Event "Titled Tuesday Blitz March 22 Late 2022"]
[White "Rastbod, Ali"]
[Black "Demchenko, Anton"]
[WhiteFideId "12567477"]
[BlackFideId "4160258"]
[WhiteElo "2200"]
[BlackElo "2539"]
[Result "0-1"]
[Round "11"]
[TimeControl "180+1"]
[Date "2022.03.22"]
[WhiteClock "0:00:17"]
[BlackClock "0:00:25"]

1. c4 e5 2. Nc3 Nc6 3. e3 Nf6 4. g4 h6 5. Bg2 d5 6. Nxd5 Nxd5 7. cxd5 Nb4 8. Qb3 Bxg4 9. a3 Na6 10. d6 Qxd6 11. Qxb7 Rb8 12. Qxa7 Be7 13. d4 O-O 14. dxe5 Qg6 15. Qd4 Nc5 16. Qc3 Rfd8 17. Nf3 Nb3 18. Ra2 Qb1 19. O-O Qxa2 20. Nd4 Nxc1 21. Rxc1 Qxb2 22. Qxc7 Rbc8 0-1


[Site "https://www.chess.com"]

[Event "Titled Tuesday Blitz March 22 Late 2022"]
[White "Romanchuk, Viktor"]
[Black "Elissalt Cardenas, Hector"]
[WhiteFideId "14109271"]
[BlackFideId "3500632"]
[WhiteElo "2242"]
[BlackElo "2159"]
[Result "0-1"]
[Round "11"]
[TimeControl "180+1"]
[Date "2022.03.22"]
[WhiteClock "0:00:42"]
[BlackClock "0:00:58"]

1. d4 d5 2. c4 e6 3. Nc3 Nf6 4. Nf3 c6 5. e3 Nbd7 6. Qc2 Bd6 7. b3 O-O 8. Bb2 e5 9. dxe5 Nxe5 10. O-O-O Bg4 11. Be2 Qe7 12. h3 Bxf3 13. gxf3 dxc4 14. bxc4 Ba3 15. f4 Bxb2+ 16. Qxb2 Ned7 17. Rhg1 Nc5 18. Qc2 Rad8 19. Rxd8 Rxd8 20. h4 Nce4 21. Nxe4 Nxe4 22. Bf3 Qa3+ 23. Kb1 Rd2 24. Rd1 Nc3+ 25. Ka1 Qxa2+ 26. Qxa2 Rxa2# 0-1


[Site "https://www.chess.com"]

[Event "Titled Tuesday Blitz March 22 Late 2022"]
[White "Romero Ruscalleda, Josep"]
[Black "P., Komal Kishore"]
[WhiteFideId "2231859"]
[BlackFideId "5016703"]
[WhiteElo "2267"]
[BlackElo "2090"]
[Result "0-1"]
[Round "11"]
[TimeControl "180+1"]
[Date "2022.03.22"]
[WhiteClock "0:01:41"]
[BlackClock "0:01:32"]

1. e4 c6 2. Nc3 d5 3. Nf3 Bg4 4. h3 Bxf3 5. Qxf3 e6 6. d4 Nf6 7. e5 Nfd7 8. Ne2 c5 9. c3 Nc6 10. Be3 Qb6 11. Rb1 cxd4 12. cxd4 Bb4+ 13. Kd1 O-O 14. Qg4 Rfc8 15. Nc3 Bxc3 16. Bd3 Bxd4 17. Bh6 Bxe5 18. Re1 Bf6 19. Re3 Nce5 20. Qg3 Nxd3 21. Rxd3 Rc4 22. Rf3 Kh8 23. Ke1 gxh6 0-1


[Site "https://www.chess.com"]

[Event "Titled Tuesday Blitz March 22 Late 2022"]
[White "Sanal, Vahap"]
[Black "Maksimovic, Bojan"]
[WhiteFideId "6300545"]
[BlackFideId "14408120"]
[WhiteElo "2603"]
[BlackElo "2448"]
[Result "1-0"]
[Round "11"]
[TimeControl "180+1"]
[Date "2022.03.22"]
[WhiteClock "0:02:25"]
[BlackClock "0:00:01"]

1. e4 c5 2. Nf3 Nc6 3. c3 d5 4. exd5 Qxd5 5. d4 Bg4 6. Be2 e6 7. Be3 cxd4 8. cxd4 Nf6 9. Nc3 Bb4 10. O-O Qa5 11. Qb3 O-O 12. a3 Bxc3 13. bxc3 Qc7 14. h3 Bh5 15. Rab1 b6 16. Rfc1 Na5 17. Qd1 Rac8 18. a4 Nd5 19. c4 Nxe3 20. fxe3 Bxf3 21. Bxf3 Rfd8 22. c5 bxc5 23. Rb5 c4 24. Qe1 c3 25. Rc5 Qb8 26. Rxa5 Qb2 27. Rb5 Qa3 28. Rc5 Rxc5 29. dxc5 Qxc5 30. Qxc3 Qb6 31. a5 Qb5 32. Qc7 Rf8 33. Qxa7 Qb2 34. Qc5 Qa2 35. Kh2 g6 36. Bb7 h6 37. a6 Rd8 38. a7 1-0


[Site "https://www.chess.com"]

[Event "Titled Tuesday Blitz March 22 Late 2022"]
[White "Sapunov, Evgeny"]
[Black "Jaskolka, Tomasz"]
[WhiteFideId "4126661"]
[BlackFideId "1170791"]
[WhiteElo "2470"]
[BlackElo "2073"]
[Result "1-0"]
[Round "11"]
[TimeControl "180+1"]
[Date "2022.03.22"]
[WhiteClock "0:02:09"]
[BlackClock "0:00:53"]

1. c4 e5 2. Nf3 Nc6 3. Nc3 Nf6 4. e3 d5 5. cxd5 Nxd5 6. Bb5 Nxc3 7. bxc3 Bd6 8. d4 exd4 9. cxd4 O-O 10. O-O Bg4 11. h3 Bh5 12. Bb2 Qf6 13. Rc1 Bxf3 14. Qxf3 Qxf3 15. gxf3 Ne7 16. f4 f5 17. Kg2 g6 18. h4 c6 19. Bc4+ Nd5 20. Kf3 Rac8 21. h5 Kg7 22. Rh1 Kf6 23. Bb3 Rfe8 24. Rcg1 Bb4 25. Rc1 Bd2 26. Rc2 Bb4 27. a3 Bd6 28. Rcc1 Re4 29. Bxd5 cxd5 30. Rxc8 1-0


[Site "https://www.chess.com"]

[Event "Titled Tuesday Blitz March 22 Late 2022"]
[White "Schuster, Karsten"]
[Black "Tanenbaum, Zachary"]
[WhiteFideId "4611071"]
[BlackFideId "2060850"]
[WhiteElo "2367"]
[BlackElo "2168"]
[Result "0-1"]
[Round "11"]
[TimeControl "180+1"]
[Date "2022.03.22"]
[WhiteClock "0:01:36"]
[BlackClock "0:01:10"]

1. d4 d5 2. c4 Bf5 3. Nc3 e6 4. Qb3 Nc6 5. a3 Nxd4 6. Qa4+ b5 7. cxb5 Nc2+ 8. Kd2 Nxa1 9. b6+ Qd7 10. b7 Rd8 11. Qxa7 d4 12. Na4 Qc6 13. e4 Nb3+ 14. Ke2 d3+ 0-1


[Site "https://www.chess.com"]